 Dungeon Crawl Stone Soup version 0.26-a0-660-gc07710193c (webtiles) character file.

Game seed: 7037608048327900218

315 grandjackal the Ducker (level 6, -12/48 HPs)
             Began as a Demonspawn Gladiator on Oct 7, 2020.
             Mangled by Menkaure (15 damage)
             ... on level 4 of the Dungeon.
             The game lasted 00:06:14 (4217 turns).

grandjackal the Ducker (Demonspawn Gladiator)       Turns: 4217, Time: 00:06:15

Health: -12/48     AC:  7    Str: 17    XL:     6   Next: 19%
Magic:  6/6        EV: 14    Int:  9    God:
Gold:   265        SH:  0    Dex: 14    Spells: 5/5 levels left

rFire    . . .     SeeInvis .   a - +0 long sword
rCold    . . .     Faith    .   (no shield)
rNeg     . . .     Spirit   .   b - +0 leather armour
rPois    +         Reflect  .   c - +0 helmet
rElec    .         Harm     .   k - scarf {shadows}
rCorr    .         Rampage  .   (no gloves)
MR       .....                  (no boots)
Stlth    ++........             (no amulet)
HPRegen  0.16/turn              l - ring of stealth
MPRegen  0.10/turn              j - ring of poison resistance

@: no status effects
A: yellow scales 2
a: no special abilities


You were on level 4 of the Dungeon.
You visited 1 branch of the dungeon, and saw 7 of its levels.

You collected 265 gold pieces.

Inventory:

Hand Weapons
 a - a +0 long sword (weapon)
Missiles
 d - 3 throwing nets (quivered)
 r - a curare-tipped dart
Armour
 b - a +0 leather armour (worn)
 c - a +0 helmet (worn)
 k - a scarf of shadows (worn)
 v - a cursed +0 scale mail
Jewellery
 i - an uncursed ring of fire
 j - a ring of poison resistance (right hand)
 l - a ring of stealth (left hand)
 A - a +4 ring of evasion {unknown}
Scrolls
 e - 3 scrolls of teleportation {unknown}
 g - 8 scrolls of identify {unknown}
 h - 4 scrolls of remove curse {unknown}
 n - a scroll of amnesia {unknown}
 t - a scroll of random uselessness {unknown}
 w - a scroll of magic mapping {unknown}
 y - a scroll of blinking {unknown}
Potions
 f - a potion of invisibility {unknown}
 m - 2 potions of stabbing {unknown}
 o - a potion of lignification {unknown}
 p - a potion of brilliance {unknown}
 q - a potion of resistance {unknown}
 s - 2 potions of curing {unknown}
 u - a potion of heal wounds {unknown}
 x - a potion of haste {unknown}
 z - a potion of cancellation {unknown}


   Skills:
 + Level 4.0 Fighting
 + Level 4.2 Long Blades
 - Level 1.7 Throwing
 + Level 0.7 Armour
 + Level 4.2 Dodging


You had 5 spell levels left.
You didn't know any spells.
Your spell library contained the following spells:

 Spells                   Type           Power        Failure   Level
 Summon Demon             Summ           #.........   100%        5
 Summon Forest            Summ/Tloc      #.........   100%        5
 Summon Mana Viper        Hex/Summ       #.......     100%        5
 Shadow Creatures         Summ           N/A          100%        6
 Summon Hydra             Summ           #.........   100%        7


Dungeon Overview and Level Annotations

Branches:
Dungeon (7/15)
 Temple: D:4-7

Altars:
Nemelex Xobeh
Ru
Uskayaw
Vehumet

Shops:
D:4 [

Annotations:
D:4 Menkaure


Innate Abilities, Weirdness & Mutations

You are mostly covered in yellow scales. (AC +3)


Message History

Menkaure points at you and mumbles some strange words.
Pain shoots through your body!
* * * LOW HITPOINT WARNING * * *
You hit Menkaure.
Menkaure is heavily damaged.
Menkaure hits you!
* * * LOW HITPOINT WARNING * * *
You closely miss Menkaure.
Menkaure is heavily damaged.
Menkaure barely misses you.
Menkaure calls on the powers of darkness!
Your body is wracked with pain!
* * * LOW HITPOINT WARNING * * *
You closely miss Menkaure.
Menkaure is heavily damaged.
Menkaure barely misses you.
You hit Menkaure but do no damage.
Menkaure is heavily damaged.
Menkaure closely misses you. Menkaure hits you!
You die...

###.### .# #†# . # ##
#<# .. (# #.# .# #.#
#.# .## ... ##.#### #.#
..###.# #.....# #.#
..##..# #..##.########
#.#
.....)####...[..@M..../
..#
.........#...#.########
.......#.#.....#
.........∩...###
.......#.....#
###...######## ##.##
#.# ### #.########.##


You could see Menkaure (fast).

Vanquished Creatures
  A scorpion (D:4)
  An orc priest (D:3)
  An orc wizard (D:4)
  3 worker ants
  5 adders
  A worm (D:2)
  2 dart slugs
  6 leopard geckos
  8 orcs
  5 giant cockroaches
  4 hobgoblins
  4 quokkas
  6 bats
  5 frilled lizards
  9 goblins
  8 kobolds
  11 rats
80 creatures vanquished.

Notes
Turn   | Place    | Note
-------+----------+-------------------------------------------
     0 | D:1      | grandjackal the Demonspawn Gladiator began the quest for
                  | the Orb.
     0 | D:1      | Reached XP level 1. HP: 16/16 MP: 1/1
   138 | D:1      | Gained mutation: You are partially covered in yellow
                  | scales. (AC +2) [demonic ancestry]
   138 | D:1      | Reached XP level 2. HP: 12/22 MP: 2/2
   965 | D:2      | Found a sparkling altar of Nemelex Xobeh.
  1206 | D:2      | Reached XP level 3. HP: 13/28 MP: 3/3
  2110 | D:2      | Found a radiant altar of Vehumet.
  2263 | D:3      | Reached XP level 4. HP: 25/34 MP: 4/4
  2762 | D:3      | Gained mutation: You are mostly covered in yellow scales.
                  | (AC +3) [demonic ancestry]
  2762 | D:3      | Reached XP level 5. HP: 39/41 MP: 5/5
  2911 | D:3      | Found a sacrificial altar of Ru.
  3146 | D:3      | Found a hide-covered altar of Uskayaw.
  3378 | D:4      | You fall into a shaft and drop 3 floors!
  3631 | D:5      | Entered Level 5 of the Dungeon
  3911 | D:4      | Reached XP level 6. HP: 36/48 MP: 6/6
  4184 | D:4      | Found Pytada's Armour Boutique.
  4208 | D:4      | Noticed Menkaure
  4217 | D:4      | Mangled by Menkaure

Illustrated notes

Levels and vault maps discovered:
D:1:      minmay_arrival_open_corners, layout_loops_ring
D:2:      layout_basic, nemelex_xobeh_ov_fountains_minmay, vehumet_crystals,
          minmay_tetromino_o2
D:3:      layout_basic, lemuel_coloured_pillars_altar,
          eat_drink_and_be_merry_uskayaw, minmay_misc_feat_five
D:4:      layout_loops_ring, serial_shops, shop, uniq_menkaure, uniq_pikel,
          uniq_robin
D:5:      layout_rooms, kennysheep_small_square
D:6:      layout_basic, temple_garden, grunt_potential
D:7:      layout_cave_pools, lemuel_doored_altar, cheibriados_altar_1,
          serial_bayou_crossing

Skill      XL: |  1  2  3  4  5  6 |
---------------+-------------------+-----
Long Blades    | 3 4 |  4.2
Dodging        | 3 4 |  4.2
Fighting       | 3 4 |  4.0
Throwing       | |  1.7
Armour         | |  0.7

Action                   |  1- 3 |  4- 6 || total
-------------------------+-------+-------++-------
Melee: Long sword        |   138 |   123 ||   261
Throw: Dart              |       |     2 ||     2
 Stab: Sleeping          |     2 |     5 ||     7
Armor: Leather armour    |    60 |    25 ||    85
Dodge: Dodged            |    93 |   116 ||   209
       Rpst.: Long sword |    22 |    39 ||    61

Table legend: (Time is in decaauts)
 A = Elapsed time spent in this place.
 B = Non-inter-level travel time spent in this place.
 C = Inter-level travel time spent in this place.
 D = Time resting spent in this place.
 E = Time spent auto-exploring this place.
 F = Levels seen in this place.
 G = Mean time per level.
                   A        B        C        D        E       F      G
               +--------+--------+--------+--------+--------+-----+--------+
         Total |   4279 |   4158 |    121 |   1367 |   2059 |   7 |  611.3 |
       Dungeon |   4279 |   4158 |    121 |   1367 |   2059 |   7 |  611.3 |
               +--------+--------+--------+--------+--------+-----+--------+

Top non-repeatable levels by time:
     D:2: 1330 daAuts
     D:3: 1105 daAuts
     D:1: 935 daAuts
     D:4: 635 daAuts
     D:6: 217 daAuts
     D:7: 41 daAuts
     D:5: 14 daAuts
